AoeStats
← Simon Stokvis

African Clearing

505028558Analyzed
4v4 RM · 25d ago on Sep 7, 2026· 38m 35s· 8 players
Game mode
Random Map
Map size
Large (8 player)
Population
200
Speed
Normal
Resources
Standard
Victory
Conquest
Starting age
Dark Age
Ending age
Imperial Age
RankedLock teamsTeams togetherTeam positionsShared explorationLock speedFull tech treeHidden civsTurbo modeCheats
Victory
Defeat
🇨🇳 Huns · China
1517
+12
🇨🇳 Tatars · China
1510
+12
🇳🇱 Bulgarians · Netherlands
1500
+14
🇦🇷 Celts · Argentina
1489
+13
🇬🇧 Vietnamese · United Kingdom
1437
-13
🇩🇪 Slavs · Germany
1433
-13
🇨🇴 Armenians · Colombia
1427
-13
🇧🇷 Byzantines · Brazil
1420
-12
Simon Stokvis
13:34 Feudal Age
17:28 Castle Age
15:49 Double-Bit Axe
18:19 Loom
19:37 Bow Saw
27:11 Fletching
34:27 Scale Barding Armor
34:32 Forging
35:10 Town Watch
37:26 Iron Casting
37:12 Chain Barding Armor
40:20 Imperial Age
37:55 Gold Mining
倒挂着的树枝
10:45 Loom
15:40 Feudal Age
16:20 Double-Bit Axe
16:50 Fishing Lines
19:16 Wheelbarrow
19:43 Scale Barding Armor
24:09 Fletching
28:16 Gold Mining
32:58 Castle Age
33:10 Crossbowman
33:47 Bodkin Arrow
34:53 Bow Saw
36:59 Gillnets
儒门_重农抑商
8:24 Loom
13:02 Feudal Age
13:12 Feudal Age
14:44 Town Watch
18:17 Castle Age
16:39 Double-Bit Axe
17:00 Horse Collar
20:52 Heavy Plow
23:47 Wheelbarrow
23:42 Scale Barding Armor
24:34 Bloodlines
24:54 Bow Saw
26:30 Husbandry
27:55 Chain Barding Armor
28:00 Forging
36:41 Imperial Age
34:03 Fletching
34:21 Padded Archer Armor
34:05 Treadmill Crane
34:36 Masonry
38:08 Imperial Age
36:29 Hand Cart
36:39 Bodkin Arrow
37:00 Leather Archer Armor
37:20 Iron Casting
36:45 Scale Mail Armor
39:06 Bracer
knife
13:26 Feudal Age
17:14 Castle Age
15:48 Double-Bit Axe
16:22 Fletching
17:58 Bodkin Arrow
18:38 Town Watch
20:33 Loom
25:08 Padded Archer Armor
31:05 Ballistics
31:39 Leather Archer Armor
33:47 Bloodlines
33:37 Husbandry
36:49 Horse Collar
39:15 Wheelbarrow
38:56 Bow Saw
NuMa | Ezio
9:54 Loom
11:49 Feudal Age
12:56 Town Watch
14:14 Wheelbarrow
14:37 Double-Bit Axe
17:34 Castle Age
32:28 Horse Collar
34:14 Bow Saw
34:06 Heavy Plow
Fanume
10:27 Loom
12:13 Feudal Age
13:14 Double-Bit Axe
15:17 Gold Mining
16:23 Wheelbarrow
16:02 Fletching
26:30 Castle Age
27:47 Bow Saw
32:07 Redemption
32:19 Sanctity
33:41 Town Watch
VkA | paulovmcm
6:11 Loom
13:42 Feudal Age
14:11 Double-Bit Axe
18:11 Castle Age
17:05 Horse Collar
18:21 Wheelbarrow
20:47 Fletching
22:36 Bow Saw
22:26 Heavy Plow
24:05 Gold Mining
24:13 Stone Mining
24:46 Gold Mining
27:08 Gold Shaft Mining
27:09 Stone Shaft Mining
29:19 Ballistics
29:05 Bodkin Arrow
32:23 Imperial Age
34:05 Chemistry
33:07 Bracer
34:27 Two-Man Saw
34:01 Crop Rotation
33:50 Padded Archer Armor
34:19 Conscription
34:59 Leather Archer Armor
37:05 Elite Skirmisher
39:28 Ring Archer Armor
tweek_3
12:37 Feudal Age
10:55 Loom
12:40 Feudal Age
17:16 Castle Age
15:08 Double-Bit Axe
15:26 Fletching
18:14 Bow Saw
22:13 Horse Collar
26:39 Wheelbarrow
33:44 Thumb Ring
33:27 Town Watch
Connection lost

Rejoining the realm…

Still unreachable

The connection could not be restored.

Session expired

The server has moved on; the page needs a fresh start.